 Dungeon Crawl Stone Soup version 0.29.0-4-gdea44cf6ec (webtiles) character file.

Game seed: 6414293113258726317

77 qw the Chopper (level 4, -6/28 HPs)
             Began as a Gargoyle Fighter on Sept 6, 2022.
             Mangled by a gnoll
             ... wielding a +0 halberd
              (10 damage)
             ... on level 2 of the Dungeon.
             The game lasted 00:00:17 (704 turns).

qw the Chopper (Gargoyle Fighter)                    Turns: 704, Time: 00:00:17

Health: -6/28      AC: 11    Str: 21    XL:     4   Next: 34%
Magic:  4/4        EV:  9    Int:  9    God:
Gold:   4          SH:  4    Dex:  9    Spells: 3/3 levels left

rFire   . . .      SeeInvis .   Y - +0 war axe
rCold   . . .      Faith    .   c - +0 buckler
rNeg    + . .      Spirit   .   b - +0 scale mail
rPois   inf        Reflect  .   e - +0 helmet
rElec   +          Harm     .   (no cloak)
rCorr   .          Rampage  .   (no gloves)
Will    .....                   (no boots)
Stlth   ..........              (no amulet)
HPRegen 0.09/turn               (no ring)
MPRegen 0.09/turn               (no ring)

@: about to teleport
A: sickness immunity, AC +3, negative energy resistance 1, electricity
resistance, torment resistance 1, petrification resistance
a: no special abilities


You were on level 2 of the Dungeon.
You visited 1 branch of the dungeon, and saw 2 of its levels.

You collected 34 gold pieces.
You spent 30 gold pieces at shops.


Innate Abilities, Weirdness & Mutations

You are immune to sickness and miasma.
Your stone body is resilient. (AC +3)
You are immune to poison.
You resist negative energy. (rN+)
You are resistant to electric shocks. (rElec)
You are resistant to unholy torment.
You are immune to petrification.


   Skills:
 - Level 3.2 Fighting
 + Level 4.1 Axes
 - Level 3.2 Armour
 - Level 3.2 Shields


You had 3 spell levels left.
You didn't know any spells.
Your spell library was empty.

Inventory:

Hand Weapons
 j - a +0 whip
 Y - a +0 war axe (weapon)
Missiles
 h - 5 boomerangs (quivered)
Armour
 b - a +0 scale mail (worn)
 c - a +0 buckler (worn)
 e - a +0 helmet (worn)
Scrolls
 f - a scroll of enchant armour {unknown}
 i - a scroll of immolation {unknown}
Potions
 d - 2 potions of might
 g - a potion of curing

Dungeon Overview and Level Annotations

Branches:
Dungeon (2/15)

Altars:

Shops:
D:2 !


Message History

You hit the gnoll.
The gnoll is severely wounded.
The gnoll barely misses you. The gnoll hits you but does no damage.
You block the gnoll's attack.
You closely miss the gnoll.
The gnoll is severely wounded.
The gnoll misses you. You block the gnoll's attack.
The gnoll hits you but does no damage.
You hit the gnoll.
The gnoll is almost dead.
You closely miss the kobold.
The gnoll hits you but does no damage. x2
The kobold hits you but does no damage. The gnoll hits you but does no damage.
The gnoll hits you with a +0 club. The kobold barely misses you.
The gnoll hits you but does no damage. The gnoll closely misses you. x2
You hit the gnoll.
You kill the gnoll!
You barely miss the kobold.
The gnoll hits you but does no damage. x2
The kobold hits you but does no damage. The gnoll barely misses you.
Your Axes skill increases to level 4!
You closely miss the kobold.
The gnoll hits you from afar with a +0 spear.
The gnoll hits you from afar with a +0 halberd!
You block the gnoll's attack. You block the kobold's attack.
You slash the kobold!
You kill the kobold!
The gnoll closely misses you. x2; The gnoll hits you but does no damage.
The gnoll completely misses you.
The gnoll hits you from afar with a +0 halberd.
The gnoll misses you. You block the gnoll's attack.
The gnoll hits you with a +0 spear. The gnoll closely misses you.
Things that are here:
a +0 whip; a stone; a kobold corpse
704 ||| READING scroll of teleportation.
As you read the scroll of teleportation, it crumbles to dust.
You feel strangely unstable. The gnoll hits you with a +0 halberd!
You die...

...##..## ####......# #.#
...##...# #..#...### #.#
........# ##.###...# #.#
........# #.#####.####.#
........## ###...###....#.#
............ #>..(....###.#.###
........###..##.........##.....#
######### #..........#..###...#
####.@)....##.###..##
#ggg....##.)))..#
#......(...###.## ...######..##
#.# ... ....# #.# .... ...####
#.# ..... .## #.# .....# #.# #.#


You could see 3 gnolls.

Vanquished Creatures
  Natasha (D:2)
  4 gnolls (D:2)
  3 endoplasms
  A giant cockroach (D:1)
  2 hobgoblins
  3 kobolds
  A ball python (D:1)
  A frilled lizard (D:2)
  A rat (D:1)
17 creatures vanquished.

Notes
Turn   | Place    | Note
-------+----------+-------------------------------------------
     0 | D:1      | qw the Gargoyle Fighter began the quest for the Orb.
     0 | D:1      | Reached XP level 1. HP: 14/14 MP: 1/1
     0 | D:1      | 0 ||| qw: Version: 0.1-a-107-g9ff403c
     0 | D:1      | 0 ||| qw: Game counter: 6120
     0 | D:1      | 0 ||| qw: Always use a shield: true
     0 | D:1      | 0 ||| qw: God list: Okawaru
     0 | D:1      | 0 ||| qw: Allow faded altars: false
     0 | D:1      | 0 ||| qw: Do Orc after D:15 true
     0 | D:1      | 0 ||| qw: Do second Lair branch before Depths: true
     0 | D:1      | 0 ||| qw: Lair rune preference: random
     0 | D:1      | 0 ||| qw: Plans: Normal, Zot, God:TSO, Crypt, Tomb, Zig,
                  | Orb
     0 | D:1      | 0 ||| PLANNING D:1-11
    69 | D:1      | Reached skill level 2 in Axes
   165 | D:1      | Reached XP level 2. HP: 13/19 MP: 2/2
   322 | D:1      | You fall into a shaft and drop 1 floor!
   323 | D:2      | 323 ||| UPGRADING to +0 helmet.
   328 | D:2      | 328 ||| READING scroll labelled LEWEEB HYAQ.
   332 | D:2      | Found Kuwyho Sona's Distillery.
   344 | D:2      | 344 ||| SHOPLISTING 2 potions of haste (200 gold, have 34).
   344 | D:2      | 344 ||| SHOPLISTING 2 potions of heal wounds (100 gold,
                  | have 34).
   344 | D:2      | 344 ||| BUYING potion of curing (30 gold).
   344 | D:2      | Bought a potion of curing for 30 gold pieces
   344 | D:2      | 344 ||| SHOPLISTING potion of heal wounds (50 gold, have
                  | 4).
   344 | D:2      | 344 ||| SHOPLISTING potion of resistance (100 gold, have
                  | 4).
   364 | D:2      | Noticed Natasha
   365 | D:2      | 365 ||| Stepping ~*~*~tactically~*~*~ (stealth).
   376 | D:2      | Killed Natasha
   377 | D:2      | Reached skill level 3 in Axes
   377 | D:2      | Reached XP level 3. HP: 19/23 MP: 3/3
   454 | D:2      | 454 ||| Stepping ~*~*~tactically~*~*~ (stealth).
   468 | D:2      | 468 ||| Stepping ~*~*~tactically~*~*~ (stealth).
   487 | D:2      | Reached XP level 4. HP: 10/28 MP: 4/4
   520 | D:2      | 520 ||| Stepping ~*~*~tactically~*~*~ (stealth).
   678 | D:2      | 678 ||| DROPPING +0 club.
   701 | D:2      | Reached skill level 4 in Axes
   703 | D:2      | HP: 4/28 [gnoll/+0 spear (5)]
   704 | D:2      | 704 ||| READING scroll of teleportation.
   704 | D:2      | Mangled by a gnoll

Levels and vault maps discovered:
D:1:      dpeg_arrival_signposts, layout_basic
D:2:      layout_rooms, serial_shops, nicolae_square_shop, uniq_natasha

Skill      XL: |  1  2  3  4 |
---------------+-------------+-----
Axes           | 2 3 4 |  4.1
Fighting       | |  3.2
Armour         | |  3.2
Shields        | |  3.2

Action                   |  1- 3 |  4- 6 || total
-------------------------+-------+-------++-------
Melee: War axe           |    37 |     8 ||    45
Throw: Boomerang         |     5 |     2 ||     7
  Use: Scroll            |     1 |     1 ||     2
Armor: Scale mail        |    17 |    15 ||    32
Dodge: Dodged            |    10 |    14 ||    24
Block: Buckler           |     6 |     6 ||    12

Table legend:
 A = Non-vault XP
 B = Vault XP
 C = Vault XP percentage of total XP
 D = Non-vault monster count
 E = Vault monster count
 F = Vault count percentage of total count
                 A         B        C        D         E       F
            +---------+---------+-------+---------+---------+-------
      Total |      76 |      35 |  31.5 |      16 |       1 |   5.9
            +---------+---------+-------+---------+---------+-------
        D:1 |      12 |       0 |   0.0 |       7 |       0 |   0.0
        D:2 |      64 |      35 |  35.4 |       9 |       1 |  10.0
            +---------+---------+-------+---------+---------+-------
